 Dungeon Crawl Stone Soup version 0.31-a0-75-g6fe912e8c5 (webtiles) character file.

Game seed: 14923117492920825225

12 lunkers the Caller (level 2, -3/20 HPs)
             Began as a Meteoran Wanderer on May 23, 2023.
             Slain by a gnoll
             ... wielding a +0 flail
              (8 damage)
             ... on level 1 of the Dungeon.
             The game lasted 00:00:35 (310 turns).

lunkers the Caller (Meteoran Wanderer)               Turns: 310, Time: 00:00:36

Health: -3/20      AC:  3    Str: 13    XL:     2   Next: 64%
Magic:  5/5        EV: 11    Int: 15    God:
Gold:   25         SH:  0    Dex: 11    Spells: 2/3 levels left

rFire   . . .        a - +0 spear
rCold   . . .        (no shield)
rNeg    . . .        d - +0 robe
rPois   .            e - +0 helmet
rElec   .            (no cloak)
rCorr   .            (no gloves)
SInv    .            (no boots)
Will    .....        (no amulet)
Stlth   +            (no ring)
HPRegen 0.23/turn    (no ring)
MPRegen 0.09/turn

%: no passive effects
@: glowing
A: sense surroundings 1, otherworldly, glowing, explore regen
a: no special abilities


You were on level 1 of the Dungeon.
You visited 1 branch of the dungeon, and saw 1 of its levels.

You collected 25 gold pieces.

Inventory:

Hand Weapons
 a - a +0 spear (weapon)
Armour
 d - a +0 robe (worn)
 e - a +0 helmet (worn)
Wands
 b - a wand of polymorph (6)
Scrolls
 c - a scroll of blinking
 f - a scroll of identify {unknown}
 g - a scroll of enchant weapon {unknown}
Potions
 h - a potion of mutation {unknown}


   Skills:
 + Level 3.6 Polearms
 - Level 1.2 Throwing
 - Level 1.2 Armour
 - Level 1.3 Spellcasting
 - Level 3.6 Summonings
 - Level 2.4 Evocations


You had 2 spell levels left.
You knew the following spells:

 Your Spells              Type           Power      Damage    Failure   Level
p - Summon Small Mammal   Summ           44%        N/A       5%          1

Your spell library contained the following spells:

 Spells                   Type           Power      Damage    Failure   Level
 Call Canine Familiar     Summ           11%        N/A       16%         3
 Animate Armour           Summ/Erth      10%        N/A       77%         4


Dungeon Overview and Level Annotations

Branches:
Dungeon (1/15) Zot: 292

Altars:


Innate Abilities, Weirdness & Mutations

You passively map a small area around you.
You are easily found by Zot.
You glow in the dark.
You regain HP and MP as you explore.


Message History

Unknown command.
Unknown command.
Reach: a) +0 spear
Press: ? - help, Dir - move target, f/p - gnoll
Aim: a gnoll, wielding a +0 flail (moderately wounded, about 37% to evade your +0 spear)
You barely miss the gnoll.
The gnoll is moderately wounded.
The gnoll barely misses you.
Unknown command.
Unknown command.
Reach: a) +0 spear
Press: ? - help, Dir - move target, f/p - gnoll
Aim: a gnoll, wielding a +0 flail (moderately wounded, about 37% to evade your +0 spear)
You hit the gnoll.
The gnoll is severely wounded.
Unknown command.
Unknown command.
Reach: a) +0 spear
Press: ? - help, Dir - move target, f/p - gnoll
Aim: a gnoll, wielding a +0 flail (severely wounded, about 37% to evade your +0 spear)
You completely miss the gnoll.
The gnoll is severely wounded.
The gnoll hits you but does no damage.
Unknown command.
Unknown command.
Reach: a) +0 spear
Press: ? - help, Dir - move target, f/p - gnoll
Aim: a gnoll, wielding a +0 flail (severely wounded, about 37% to evade your +0 spear)
You hit the gnoll but do no damage.
The gnoll is severely wounded.
The gnoll hits you with a +0 flail.
* * * LOW HITPOINT WARNING * * *
Unknown command.
Reach: a) +0 spear
Press: ? - help, Dir - move target, f/p - gnoll
Aim: a gnoll, wielding a +0 flail (severely wounded, about 37% to evade your +0 spear)
You hit the gnoll but do no damage.
The gnoll is severely wounded.
The gnoll hits you with a +0 flail!
You die...

* #....# #.#.##.#
#.......# , #....#
#......# #.####..# * *
..,...# #.####..## * *
*#.##.####......... ,,
*# *#..(.).....###..## ,
,...#.#####.####.####..#
, ...........# #.......#
##.####.#### ######### *
#@# , , , , ###g# *
*#...# * #.###* *
#.>......# ........##.#
,,..#.#####.#
..#.......# ..#!#$#.#.#


You could see a gnoll.

Vanquished Creatures
  An endoplasm (D:1)
  A goblin (D:1)
  4 hobgoblins (D:1)
  A bat (D:1)
  3 frilled lizards (D:1)
  2 rats (D:1)
12 creatures vanquished.

Notes
Turn   | Place    | Note
-------+----------+-------------------------------------------
     0 | D:1      | lunkers the Meteoran Wanderer began the quest for the Orb.
     0 | D:1      | lunkers set off with the following items: a +0 spear, a
                  | wand of polymorph (6), a scroll of blinking, a +0 robe; and
                  | the following spell memorised: Summon Small Mammal; and the
                  | following spells available to memorise: Call Canine
                  | Familiar, Animate Armour.
     0 | D:1      | Reached XP level 1. HP: 14/14 MP: 3/3
   180 | D:1      | Reached XP level 2. HP: 20/20 MP: 5/5
   310 | D:1      | Slain by a gnoll

Illustrated notes

Levels and vault maps discovered:
D:1:      matt_arrival_spirals, layout_loops_cross, minmay_misc_feat_chi,
          minmay_pentomino_o4

Skill      XL: |  1 |
---------------+----+-----
Polearms       | 3 |  3.6
Throwing       | |  1.2
Armour         | |  1.2
Spellcasting   | |  1.3
Summonings     | |  3.6
Evocations     | |  2.4

Action                     || total
---------------------------++-------
  Melee: Spear             ||    61
 Armour: Robe              ||    10
  Dodge: Dodged            ||    21

Table legend: (Time is in decaauts)
 A = Elapsed time spent in this place.
 B = Non-inter-level travel time spent in this place.
 C = Inter-level travel time spent in this place.
 D = Time resting spent in this place.
 E = Time spent auto-exploring this place.
 F = Levels seen in this place.
 G = Mean time per level.
                   A        B        C        D        E       F      G
               +--------+--------+--------+--------+--------+-----+--------+
         Total |    306 |    306 |      0 |      0 |    203 |   1 |  306.0 |
       Dungeon |    306 |    306 |      0 |      0 |    203 |   1 |  306.0 |
               +--------+--------+--------+--------+--------+-----+--------+

Top non-repeatable levels by time:
     D:1: 306 daAuts
